 Dungeon Crawl Stone Soup version 0.21-a0-228-g14ccbf3 (webtiles) character file.

29 polean the Insei (level 3, -4/26 HPs)
             Began as a Human Wanderer on Aug 31, 2017.
             Slain by a worm (7 damage)
             ... on level 2 of the Dungeon.
             The game lasted 00:08:44 (1853 turns).

polean the Insei (Human Wanderer)                   Turns: 1853, Time: 00:08:44

Health: -4/26      AC:  3    Str: 12    XL:     3   Next: 32%
Magic:  0/5        EV: 12    Int: 12    God:
Gold:   55         SH:  0    Dex: 13    Spells: 0/4 levels left

rFire    . . .     SeeInvis .   a - +0 dagger
rCold    . . .     Gourm    .   (no shield)
rNeg     . . .     Faith    .   d - +0 robe
rPois    .         Spirit   .   (no helmet)
rElec    .         Reflect  .   (no cloak)
rCorr    .         Harm     .   l - +0 pair of gloves
MR       .....                  (no boots)
Stlth    +.........             (no amulet)
HPRegen  0.08/turn              (no ring)
MPRegen  0.09/turn              (no ring)

@: no status effects
A: no striking features
a: no special abilities


You were on level 2 of the Dungeon.
You were hungry.

You visited 1 branch of the dungeon, and saw 2 of its levels.

You collected 55 gold pieces.

Inventory:

Hand Weapons
 a - a +0 dagger (weapon)
 b - a +1 hunting sling
Missiles
 g - 25 stones (quivered)
 j - 51 bolts
Armour
 d - a +0 robe (worn)
 l - a +0 pair of gloves (worn)
Scrolls
 m - 2 scrolls of identify {unknown}
Potions
 c - 2 potions of lignification
Books
 e - a book of Conjurations

   Spells                             Type                      Level
   a - Magic Dart                     Conjuration                  1
   b - Searing Ray                    Conjuration                  2
   c - Dazzling Spray                 Conjuration/Hexes            3
   d - Fulminant Prism                Conjuration/Hexes            4
   e - Force Lance                    Conjuration/Translocation    4
   f - Iskenderun's Mystic Blast      Conjuration                  4
 k - the Collected Works on Cold

   Spells                             Type                      Level
   a - Freeze                         Ice                          1
   b - Ozocubu's Armour               Charms/Ice                   3
Comestibles
 f - a bread ration
 h - 6 chunks of flesh
 i - a fruit


   Skills:
 + Level 1.0 Fighting
 + Level 0.8(1.5) Slings
 + Level 2.0(2.1) Throwing
 + Level 1.0 Dodging
 + Level 3.4 Unarmed Combat
 * Level 1.4 Spellcasting
 * Level 1.5 Conjurations
 * Level 1.2 Ice Magic


You couldn't memorise any spells.
You knew the following spells:

 Your Spells              Type           Power        Failure   Level  Hunger
a - Magic Dart            Conj           #...         16%         1    ##.....
b - Freeze                Ice            #...         19%         1    ##.....
c - Searing Ray           Conj           #.....       24%         2    ###....


Dungeon Overview and Level Annotations

Branches:
Dungeon (2/15)

Altars:


Message History

The worm closely misses you.
You hit the worm.
The worm is heavily wounded.
You hit the worm.
The worm is heavily wounded.
The worm misses you.
You barely miss the worm.
The worm is heavily wounded.
The worm barely misses you.
You hit the worm but do no damage.
The worm is heavily wounded.
You hit the worm but do no damage.
The worm is heavily wounded.
The worm misses you.
You hit the worm.
The worm is severely wounded.
You hit the worm.
The worm is severely wounded.
The worm bites you!
You die...

# .. .. #(
.!..##### ((
........# #.
#.#
#(######.######
#.w@..........#
########.####.#
#.# #.# #.# #.#
#># #.# #.# #.#
# ..# #.# #.
### ##.# #.
#..#


You could see a worm.

Vanquished Creatures
  A worm (D:2)
  A dart slug (D:1)
  A ball python (D:1)
  A giant cockroach (D:1)
  5 hobgoblins
  2 jackals (D:1)
  5 bats (D:1)
  A frilled lizard (D:1)
  4 kobolds
  3 rats
24 creatures vanquished.

Notes
Turn   | Place    | Note
-------+----------+-------------------------------------------
     0 | D:1      | polean the Human Wanderer began the quest for the Orb.
     0 | D:1      | polean set off with: a book of Conjurations, the Collected Works on Cold, a potion of lignification, a +0 robe, a +0 dagger, a bread ration
     0 | D:1      | Reached XP level 1. HP: 15/15 MP: 2/2
     2 | D:1      | Learned a level 1 spell: Magic Dart
     2 | D:1      | Identified the Collected Works on Cold
     4 | D:1      | Learned a level 1 spell: Freeze
   670 | D:1      | Reached XP level 2. HP: 21/21 MP: 1/3
  1012 | D:1      | HP: 1/21 [hobgoblin (1)]
  1678 | D:1      | Reached XP level 3. HP: 26/26 MP: 0/4
  1729 | D:1      | Learned a level 2 spell: Searing Ray
  1853 | D:2      | Slain by a worm

Vault maps used:
D:1:      scummos_arrival_simple_crosswalls
D:2:      first_bread, kennysheep_cross_bottleneck, minmay_statues_item,
          feat_on_display

Action                   || total
-------------------------++-------
Melee: Dagger            ||    76
       Punch             ||     3
 Fire: Hunting sling     ||    16
 Cast: Magic Dart        ||    24
       Freeze            ||    11
       Searing Ray       ||     2
  Use: Scroll            ||     5
       Potion            ||     2
  Eat: Chunk             ||     3
       Fruit             ||     1
Armor: Robe              ||    10
Dodge: Dodged            ||    47

Table legend:
 A = Spawn XP
 B = Non-spawn XP
 C = Spawn XP percentage of total XP
 D = Spawn monster count
 E = Non-spawn monster count
 F = Spawn count percentage of total count
 G = Total turns spent on level
                    A         B        C        D         E        F      G
               +---------+---------+-------+---------+---------+-------+---------
         Total |      15 |      27 |  35.7 |       7 |      17 |  29.2 |  1853
               +---------+---------+-------+---------+---------+-------+---------
           D:1 |      10 |      21 |  32.3 |       6 |      13 |  31.6 |  1742
           D:2 |       5 |       6 |  45.5 |       1 |       4 |  20.0 |   111
               +---------+---------+-------+---------+---------+-------+---------
